 Dungeon Crawl Stone Soup version 0.20-a0-945-g3bf614a (webtiles) character file.

298 lauthentik the Sneak (level 6, -6/43 HPs)
             Began as a Vampire Enchanter on Apr 1, 2017.
             Mangled by Sigmund
             ... wielding a +0 scythe
              (12 damage)
             ... on level 3 of the Dungeon.
             The game lasted 00:12:07 (2203 turns).

lauthentik the Sneak (Vampire Enchanter)            Turns: 2203, Time: 00:12:08

Health: -6/43      AC:  3    Str:  7    XL:     6   Next: 13%
Magic:  0/9        EV: 13    Int: 19    God:
Gold:   235        SH:  0    Dex: 15    Spells: 7/10 levels left

rFire    . . .     SeeInvis +   j - +2 short sword (drain)
rCold    + . .     Gourm    .   (no shield)
rNeg     + + .     Faith    .   b - +0 robe
rPois    +         Spirit   .   l - +0 helmet
rElec    .         Reflect  .   (no cloak)
rCorr    .         Harm     .   (no gloves)
MR       .....                  (no boots)
Stlth    +++.......             (no amulet)
Regen    0.1/turn               n - ring of loudness (curse)
MPRegen  0.2/turn               (no ring)

@: regenerating slowly
A: fangs 3, see invisible, unbreathing
a: Bat Form


You were on level 3 of the Dungeon.
You were very thirsty.

You visited 1 branch of the dungeon, and saw 3 of its levels.

You collected 235 gold pieces.

Inventory:

Hand Weapons
 a - a +1 dagger
 j - a +2 short sword of draining (weapon)
Missiles
 p - 5 javelins (quivered)
Armour
 b - a +0 robe (worn)
 l - a +0 helmet (worn)
Jewellery
 n - a cursed ring of loudness (left hand)
Scrolls
 h - 3 scrolls of teleportation
 i - a scroll of immolation {unknown}
 o - a scroll of remove curse {unknown}
Potions
 d - 33 potions of blood
 e - a potion of haste
 f - a potion of heal wounds {unknown}
 k - a potion of flight {unknown}
 m - a potion of magic {unknown}
Books
 c - a book of Maledictions

   Spells                             Type                      Level
   a - Corona                         Hexes                        1
   b - Ensorcelled Hibernation        Hexes/Ice                    2
   c - Confuse                        Hexes                        3
   d - Tukima's Dance                 Hexes                        3
   e - Dazzling Spray                 Conjuration/Hexes            3


   Skills:
 + Level 1.4 Fighting
 + Level 2.9 Short Blades
 + Level 3.3 Dodging
 + Level 6.2 Stealth
 + Level 2.5 Spellcasting
 + Level 5.7 Hexes
 + Level 1.7 Ice Magic


You had 7 spell levels left.
You knew the following spells:

 Your Spells              Type           Power        Failure   Level  Hunger
a - Ensorcelled Hibernat  Hex/Ice        ###...       8%          2    ##.....
b - Corona                Hex            ###....      1%          1    #......


Dungeon Overview and Level Annotations

Branches:
Dungeon (3/15)

Altars:

Annotations:
D:3 Sigmund


Innate Abilities, Weirdness & Mutations

You heal slowly.
You have razor-sharp teeth.
You have supernaturally acute eyesight. (SInv)
You can survive without breathing.


Message History

* * * LOW HITPOINT WARNING * * *
Casting: Ensorcelled Hibernation
Confirm with . or Enter, or press ? or * to list all spells.
Aiming: Ensorcelled Hibernation
Press: ? - help, Shift-Dir - straight line, f/p - Sigmund
Aim: Sigmund, wielding a scythe and wearing a robe (slightly transparent, chance to defeat MR: 55%) Sigmund resists with significant effort.
You feel yourself speed up. Sigmund barely misses you.
You are very lightly contaminated with residual magic.
You closely miss Sigmund.
Sigmund points at you and mumbles some strange words.
The magic dart hits you!
* * * LOW HITPOINT WARNING * * *
It was a potion of cancellation.
Your magical effects are unravelling.
You feel magically purged.
Your magical contamination has completely faded away.
You feel yourself slow down.
You closely miss Sigmund. Sigmund hits you with a scythe!
You die...

#.... #.......+ ..#...
....... ####
#.......###.######.####..
#.......'.......... ##.
#.......###..##### ##
#.......#.......#
#########.......##+####
#.............#
#######.............#
#..!..@@..#+##......#
#?#########.####+#### #..
#.#### .g.g #....#
....##....# g....##....#
.....##....#
.....)##@...# #....#


You could see Sigmund (invisible).

Vanquished Creatures
  A scorpion (D:3)
  A crimson imp (D:3)
  Jessica (D:2)
  Natasha (twice) (D:3)
  Robin (D:3)
  4 adders
  2 oozes (D:1)
  A worm (D:2)
  2 dart slugs (D:1)
  2 leopard geckos (D:2)
  An orc (D:3)
  15 bats
  2 giant cockroaches
  14 goblins
  5 hobgoblins
  9 jackals
  5 frilled lizards
  10 kobolds
  6 rats
84 creatures vanquished.

Notes
Turn   | Place    | Note
-------+----------+-------------------------------------------
     0 | D:1      | lauthentik the Vampire Enchanter began the quest for the Orb.
     0 | D:1      | Reached XP level 1. HP: 13/13 MP: 3/3
   106 | D:1      | Reached XP level 2. HP: 7/19 MP: 0/5
   377 | D:1      | Learned a level 2 spell: Ensorcelled Hibernation
   689 | D:1      | Reached XP level 3. HP: 14/24 MP: 2/6
   851 | D:1      | Reached skill level 5 in Hexes
  1050 | D:2      | Reached skill level 5 in Stealth
  1390 | D:2      | Reached XP level 4. HP: 30/31 MP: 3/7
  1588 | D:2      | Reached skill level 1 in Ice Magic
  1589 | D:2      | Noticed Jessica
  1594 | D:2      | Killed Jessica
  1906 | D:3      | Reached XP level 5. HP: 25/36 MP: 8/8
  1913 | D:3      | Noticed Robin
  1920 | D:3      | Killed Robin
  1920 | D:3      | Reached skill level 1 in Fighting
  1957 | D:3      | Reached skill level 6 in Stealth
  2083 | D:3      | Noticed Natasha
  2100 | D:3      | Killed Natasha
  2121 | D:3      | Reached XP level 6. HP: 15/43 MP: 1/9
  2154 | D:3      | Noticed Natasha
  2159 | D:3      | Killed Natasha
  2173 | D:3      | Noticed Sigmund
  2203 | D:3      | Mangled by Sigmund

Vault maps used:
D:1:      roderic_chinese_lattice_arrival
D:2:      minmay_door_path, serial_glass, glass_columns_b, glass_columns_b,
          first_bread, minmay_hexomino_f4, uniq_jessica
D:3:      minitemple, minmay_misc_feat_plants, uniq_robin, uniq_sigmund,
          uniq_natasha

Skill      XL: |  1  2  3  4  5 |
---------------+----------------+-----
Hexes          | 5 |  5.7
Stealth        | 5 6 |  6.2
Ice Magic      | 1 |  1.7
Short Blades   | 2 |  2.9
Dodging        | 3 |  3.3
Fighting       | 1 |  1.4
Spellcasting   | |  2.5

Action                   |  1- 3 |  4- 6 || total
-------------------------+-------+-------++-------
Melee: Dagger            |    38 |       ||    38
       Bite              |     4 |     5 ||     9
       Short sword       |    51 |    97 ||   148
 Cast: Corona            |     7 |       ||     7
       Ensorcelled Hiber |    20 |    25 ||    45
  Use: Scroll            |     4 |       ||     4
       Potion            |       |     3 ||     3
 Stab: Sleeping          |    25 |    18 ||    43
       Distracted        |       |     1 ||     1
Armor: Robe              |    19 |    15 ||    34
Dodge: Dodged            |    57 |    59 ||   116
